[Event "December 19 Early 2023"]
[Site "https://www.chess.com"]
[Date "2023.12.19"]
[Round "5"]
[White "Koridze, Lile"]
[Black "Tifferet, Shakked"]
[Result "0-1"]
[Board "132"]
[TimeControl "180+1"]
[WhiteFideId "13612514"]
[BlackFideId "2811529"]
[WhiteElo "2061"]
[BlackElo "2142"]
[WhiteTeam "GEO"]
[BlackTeam "ISR"]
[WhiteClock "0:01:55"]
[BlackClock "0:02:28"]

1. d4 d5 2. c4 c6 3. Nf3 Nf6 4. e3 g6 5. Nc3 Bg7 6. h3 O-O 7. Bd3 c5 8. dxc5 dxc4 9. Bxc4 Qxd1+ 10. Kxd1 Nbd7 11. Ke2 Nxc5 12. Rd1 b6 13. Bd2 Bb7 14. Be1 Rac8 15. Rac1 Nce4 16. Bb3 Ba6+ 0-1

[Event "December 19 Early 2023"]
[Site "https://www.chess.com"]
[Date "2023.12.19"]
[Round "5"]
[White "Martin, Lewis"]
[Black "Kashefi, Amir Hosein"]
[Result "1-0"]
[Board "133"]
[TimeControl "180+1"]
[WhiteFideId "410551"]
[BlackFideId "12557935"]
[WhiteElo "2145"]
[BlackElo "2109"]
[WhiteTeam "ENG"]
[BlackTeam "IRI"]
[WhiteClock "0:00:02"]
[BlackClock "0:00:03"]

1. c4 Nf6 2. g3 e6 3. Bg2 d5 4. Nf3 dxc4 5. O-O Nc6 6. Na3 Bxa3 7. bxa3 O-O 8. Bb2 Na5 9. Rc1 b5 10. Ne5 Nd5 11. d3 cxd3 12. Qxd3 a6 13. Rfd1 Bb7 14. Qd2 c5 15. Rxc5 Nb6 16. Qe1 Qb8 17. Qxa5 Na4 18. Bxb7 Qxb7 19. Rc7 Qe4 20. Ba1 Qxe2 21. Qe1 Qxa2 22. Rdd7 Qxa3 23. Rxf7 Rxf7 24. Rxf7 Rc8 25. Rxg7+ Kxg7 26. Nc4+ Kf7 27. Nxa3 b4 28. Nb1 Nc5 29. Qe5 Nd3 30. Qf6+ Ke8 31. Qxe6+ Kd8 32. Bf6+ Kc7 33. Qc4+ Nc5 34. Qxc5+ Kb7 35. Qxb4+ Ka8 36. Nc3 Rc6 37. Nd5 h5 38. Qf8+ Kb7 39. Qe7+ Ka8 40. Qe8+ Rc8 41. Qxc8+ Ka7 42. Bd4# 1-0

[Event "December 19 Early 2023"]
[Site "https://www.chess.com"]
[Date "2023.12.19"]
[Round "5"]
[White "Limontaite, Simona"]
[Black "Tulchynskyi, Feliks"]
[Result "0-1"]
[Board "134"]
[TimeControl "180+1"]
[WhiteFideId "12802506"]
[BlackFideId "34127895"]
[WhiteElo "2092"]
[BlackElo "2131"]
[WhiteTeam "LTU"]
[BlackTeam "UKR"]
[WhiteClock "0:00:19"]
[BlackClock "0:00:04"]

1. d4 Nf6 2. c4 e6 3. Nf3 b6 4. g3 Bb7 5. Bg2 Be7 6. O-O O-O 7. Nc3 Ne4 8. Qc2 Nxc3 9. Qxc3 d5 10. Ne5 Nd7 11. Rd1 c6 12. Nxd7 Qxd7 13. e4 Rac8 14. Be3 Rfd8 15. Rac1 Qe8 16. Qb3 dxc4 17. Qxc4 c5 18. d5 exd5 19. exd5 Bd6 20. Re1 Qd7 21. Qh4 Be7 22. Qh5 g6 23. Qe2 Bf6 24. Rcd1 Re8 25. Qc2 Rcd8 26. b3 h5 27. Re2 Ba6 28. Red2 h4 29. d6 hxg3 30. hxg3 Be5 31. Bg5 Rc8 32. Be4 Kg7 33. Rd5 f6 34. Be3 Bb7 35. R5d2 Bxe4 36. Qxe4 Bd4 37. Qf3 Bxe3 38. fxe3 Re6 39. Rd3 Rce8 40. Kf2 f5 41. R1d2 Rd8 42. Qd5 Rde8 43. a4 Re5 44. Qf3 Re4 45. a5 Rd8 46. Rd5 Qe6 47. axb6 axb6 48. d7 Qe7 49. R2d3 Qf6 50. Qd1 Qb2+ 51. Qd2 Qxd2+ 52. Rxd2 Re6 53. Rd6 Kf7 54. Kf3 Ke7 55. R6d5 Re4 56. R2d3 Re6 57. g4 fxg4+ 58. Kxg4 Re4+ 59. Kf3 Re6 60. e4 Rf6+ 61. Ke3 g5 62. Rxg5 Rh6 63. Rg7+ Ke6 64. Rg3 Rxd7 65. Rxd7 Kxd7 66. Rg5 Kc6 67. Rg3 Kb5 68. Kd3 Kb4 69. e5 Kxb3 70. Ke4+ Kb4 71. Kd5 c4 72. e6 b5 73. e7 Rh8 74. Kd6 c3 75. Rf3 Re8 76. Rf1 Kc4 77. Kd7 Rxe7+ 78. Kxe7 b4 79. Kd6 b3 80. Ke5 b2 81. Ke4 c2 82. Ke3 b1=Q 83. Ke2 Qxf1+ 0-1

[Event "December 19 Early 2023"]
[Site "https://www.chess.com"]
[Date "2023.12.19"]
[Round "5"]
[White "Shuvalov, Evgenij"]
[Black "Korol, Dimitry"]
[Result "0-1"]
[Board "135"]
[TimeControl "180+1"]
[WhiteFideId "4187237"]
[BlackFideId "14108003"]
[WhiteElo "2084"]
[BlackElo "2262"]
[WhiteTeam "FID"]
[BlackTeam "UKR"]
[WhiteClock "0:00:00"]
[BlackClock "0:00:02"]

1. d4 Nf6 2. c4 c5 3. d5 b5 4. cxb5 a6 5. e3 axb5 6. Bxb5 Qa5+ 7. Nc3 Bb7 8. Bd2 Qb6 9. a4 Nxd5 10. Nf3 e6 11. O-O Nb4 12. e4 Be7 13. Bf4 O-O 14. Ne5 d5 15. exd5 exd5 16. Re1 Bf6 17. Ng4 Bd4 18. Be5 Bxe5 19. Nxe5 Qh6 20. Re3 d4 21. Rh3 Qf6 22. Ng4 Qg5 23. Nb1 h5 24. Rg3 hxg4 25. Rxg4 Qh6 26. Nd2 N8c6 27. Nc4 Rad8 28. h3 Rfe8 29. Qb3 Re6 30. Qg3 Rg6 31. Rxg6 Qxg6 32. Qc7 Rb8 33. Re1 Kh7 34. Re4 Qxe4 35. Qxf7 Ne5 36. Qh5+ Kg8 37. f3 Qe1+ 38. Kh2 Rf8 39. Nxe5 Qe3 40. Bc4+ Bd5 41. Bxd5+ Nxd5 42. Ng6 Qe6 43. Qxd5 Qxd5 44. Ne7+ Kf7 45. Nxd5 Ra8 46. Nb6 Ra6 47. Nd7 Rxa4 48. Nxc5 Rb4 49. Nd3 Rb3 50. Ne5+ Ke6 51. Nc6 Kd5 0-1

[Event "December 19 Early 2023"]
[Site "https://www.chess.com"]
[Date "2023.12.19"]
[Round "5"]
[White "Vakhidov, Shahzod"]
[Black "Pogorelskikh, Sofia"]
[Result "0-1"]
[Board "136"]
[TimeControl "180+1"]
[WhiteFideId "14205270"]
[BlackFideId "44164548"]
[WhiteElo "2212"]
[BlackElo "2031"]
[WhiteTeam "UZB"]
[BlackTeam "SRB"]
[WhiteClock "0:00:00"]
[BlackClock "0:00:59"]

1. d4 Nf6 2. Nf3 g6 3. g3 Bg7 4. c4 O-O 5. Bg2 d5 6. cxd5 Nxd5 7. O-O Nb6 8. e4 Nc6 9. d5 Na5 10. Nc3 c6 11. Bf4 cxd5 12. exd5 Nac4 13. Qe2 Bg4 14. h3 Bxf3 15. Bxf3 Rc8 16. Rac1 Nxb2 17. Qxb2 Na4 18. Nxa4 Bxb2 19. Nxb2 Qa5 20. Nd3 Qxa2 21. Ra1 Qb3 22. Rfd1 Rc3 23. Be2 Qxd5 24. Rxa7 Rfc8 25. Ne5 Qe4 26. Bf1 g5 27. Bg2 Qe2 0-1

[Event "December 19 Early 2023"]
[Site "https://www.chess.com"]
[Date "2023.12.19"]
[Round "5"]
[White "aksuliini1"]
[Black "Petrukhina, Olga"]
[Result "1-0"]
[Board "137"]
[TimeControl "180+1"]
[BlackFideId "13703935"]
[WhiteElo "2541"]
[BlackElo "1991"]
[BlackTeam "KAZ"]
[WhiteClock "0:00:33"]
[BlackClock "0:00:00"]

1. e4 e6 2. d4 d5 3. Nd2 c5 4. Ngf3 cxd4 5. exd5 Qxd5 6. Bc4 Qd6 7. O-O Nf6 8. Nb3 Nc6 9. Nbxd4 Nxd4 10. Nxd4 a6 11. Re1 Qc7 12. Bb3 Bd7 13. c3 Bd6 14. h3 O-O-O 15. Qe2 e5 16. Nf3 Bb5 17. c4 Bc6 18. Nxe5 Rhe8 19. f4 Bxe5 20. fxe5 Ne4 21. Bf4 Qb6+ 22. Kh2 g5 23. Be3 Qc7 24. Rad1 Qxe5+ 25. Kg1 h6 26. Bb6 Rxd1 27. Rxd1 f5 28. Qd3 Qe7 29. Qd4 f4 30. c5 1-0

[Event "December 19 Early 2023"]
[Site "https://www.chess.com"]
[Date "2023.12.19"]
[Round "5"]
[White "San Thit Lwin"]
[Black "Asish Panda"]
[Result "1/2-1/2"]
[Board "138"]
[TimeControl "180+1"]
[WhiteFideId "13001272"]
[BlackFideId "45012458"]
[WhiteElo "2232"]
[BlackElo "1767"]
[WhiteTeam "MYA"]
[BlackTeam "IND"]
[WhiteClock "0:00:06"]
[BlackClock "0:00:05"]

1. Nf3 d5 2. c4 e6 3. d4 Nf6 4. Nc3 Be7 5. Bg5 O-O 6. e3 b6 7. cxd5 exd5 8. Qc2 Bb7 9. Bd3 h6 10. Bh4 a6 11. O-O c5 12. Rfd1 Nc6 13. a3 cxd4 14. exd4 b5 15. Bf5 Bc8 16. Rac1 b4 17. axb4 Nxb4 18. Qb1 a5 19. Ne5 Bxf5 20. Qxf5 Rc8 21. Bxf6 Bxf6 22. Nd7 Re8 23. Nxf6+ Qxf6 24. Qxf6 gxf6 25. Kf1 Kg7 26. Na4 Rc4 27. Nb6 Rxc1 28. Rxc1 Nd3 29. Ra1 Nxb2 30. Rxa5 Nd3 31. g3 Re1+ 32. Kg2 Re2 33. Kf3 Rb2 34. Nxd5 Nxf2 35. Ra6 Nh3 36. Nxf6 Ng5+ 37. Kg4 Rb4 38. Nh5+ Kf8 39. Ra8+ Ke7 40. Ra7+ Ke8 41. Nf4 Rxd4 42. h4 Ne6 43. Kf5 Nxf4 44. gxf4 Rd6 45. h5 Kf8 46. Ra5 Kg7 47. Ra7 Rb6 48. Kg4 Kf6 49. Ra4 Rd6 50. Ra5 Kg7 51. Rf5 Rd1 52. Re5 Kf6 53. Ra5 Kg7 54. Ra6 Rg1+ 55. Kf5 Rh1 56. Kg4 Rg1+ 57. Kf5 Rg2 58. Ra7 Rb2 59. Rc7 Rb5+ 60. Kg4 Rb1 61. Rc6 Re1 62. Kf5 Rh1 63. Kg4 Rh2 64. Rb6 Rd2 65. Ra6 Rd5 66. Rb6 f5+ 67. Kf3 Rd3+ 68. Kg2 Rd4 69. Kg3 Rd3+ 70. Kg2 Rd2+ 71. Kg3 Rd3+ 72. Kg2 1/2-1/2

[Event "December 19 Early 2023"]
[Site "https://www.chess.com"]
[Date "2023.12.19"]
[Round "5"]
[White "Cattaneo, Marco"]
[Black "Barwinska, Ewa"]
[Result "1-0"]
[Board "139"]
[TimeControl "180+1"]
[WhiteFideId "878332"]
[BlackFideId "21833761"]
[WhiteElo "2186"]
[BlackElo "1879"]
[WhiteTeam "ITA"]
[BlackTeam "POL"]
[WhiteClock "0:00:30"]
[BlackClock "0:00:00"]

1. e4 c5 2. d3 Nc6 3. g3 d6 4. Bg2 g6 5. f4 Bg7 6. Nf3 e6 7. O-O Nge7 8. c3 d5 9. e5 b6 10. Be3 Nf5 11. Bf2 h5 12. h3 Ba6 13. Re1 O-O 14. a4 Bb7 15. Na3 a6 16. g4 hxg4 17. hxg4 Nh6 18. Bh4 Qd7 19. Bh3 Rfc8 20. Bf6 Ne7 21. d4 b5 22. Nc2 Kf8 23. Re2 Rab8 24. Rh2 Bc6 25. dxc5 bxa4 26. Ncd4 Bb5 27. Qe1 Rxc5 28. Qh4 Bd3 29. Bxg7+ Kxg7 30. Bf1 Rh8 31. Bxd3 Rcc8 32. Qf6+ Kh7 33. Ng5+ Kg8 34. Rxh6 Rxh6 35. Qxf7+ Kh8 36. Qf6+ Kg8 37. Ndxe6 Nc6 38. Bxg6 1-0

[Event "December 19 Early 2023"]
[Site "https://www.chess.com"]
[Date "2023.12.19"]
[Round "5"]
[White "Golubenko, Valentina"]
[Black "Korchynskyi, Mykola"]
[Result "0-1"]
[Board "140"]
[TimeControl "180+1"]
[WhiteFideId "4501993"]
[BlackFideId "34138005"]
[WhiteElo "2126"]
[BlackElo "2007"]
[WhiteTeam "CRO"]
[BlackTeam "UKR"]
[WhiteClock "0:00:00"]
[BlackClock "0:01:39"]

1. d4 d5 2. c4 e6 3. g3 Nf6 4. Bg2 Be7 5. Nf3 O-O 6. O-O b6 7. Nc3 Bb7 8. Bf4 Nbd7 9. Nb5 c6 10. Nd6 Ba6 11. Qa4 Nb8 12. c5 Nh5 13. Nxf7 Rxf7 14. Bxb8 Bb5 15. Qc2 Rxb8 16. Ne5 bxc5 17. Nxf7 Kxf7 18. a4 Bc4 19. Qxh7 Nf6 20. Qc2 cxd4 21. Rab1 Qb6 22. b3 Bxb3 23. Qd3 c5 24. f4 c4 25. Qd2 Bb4 26. Qb2 d3+ 27. Kh1 d2 28. f5 exf5 29. g4 d1=Q 30. Rbxd1 Bxd1 31. Rxd1 Ne4 32. gxf5 Nf2+ 0-1

[Event "December 19 Early 2023"]
[Site "https://www.chess.com"]
[Date "2023.12.19"]
[Round "5"]
[White "Hirneise, Jens"]
[Black "Essing, Arnold"]
[Result "1-0"]
[Board "141"]
[TimeControl "180+1"]
[WhiteFideId "24614734"]
[BlackFideId "4619862"]
[WhiteElo "2311"]
[BlackElo "2257"]
[WhiteTeam "GER"]
[BlackTeam "GER"]
[WhiteClock "0:00:15"]
[BlackClock "0:00:00"]

1. Nf3 d5 2. c4 e6 3. b3 c5 4. e3 Nc6 5. Bb2 d4 6. exd4 cxd4 7. d3 Nf6 8. Be2 e5 9. O-O Bd6 10. a3 a5 11. Ne1 O-O 12. Nd2 Bf5 13. Nc2 e4 14. dxe4 Nxe4 15. Nxe4 Bxe4 16. Nxd4 Qg5 17. Bf3 Bxf3 18. Nxf3 Qh6 19. g3 Rad8 20. Qc1 Qh5 21. Kg2 Rfe8 22. Re1 Bc5 23. Qc3 f6 24. Rxe8+ Rxe8 25. Qd3 Rd8 26. Qe4 Kh8 27. Re1 h6 28. Nh4 Rd2 29. Ng6+ Kg8 30. Qe8+ Kh7 31. Nf8+ Bxf8 32. Qxh5 Rxb2 33. Re8 Bxa3 34. Qf5+ g6 35. Qe6 h5 36. h4 1-0

[Event "December 19 Early 2023"]
[Site "https://www.chess.com"]
[Date "2023.12.19"]
[Round "5"]
[White "Fernandez Siles, Luis"]
[Black "Sanchez Alvares, Kelvin Antonio"]
[Result "1-0"]
[Board "142"]
[TimeControl "180+1"]
[WhiteFideId "2209420"]
[BlackFideId "3906680"]
[WhiteElo "2195"]
[BlackElo "2217"]
[WhiteTeam "ESP"]
[BlackTeam "VEN"]
[WhiteClock "0:00:22"]
[BlackClock "0:00:00"]

1. d4 d5 2. c4 c6 3. cxd5 cxd5 4. Bf4 Nc6 5. Nc3 Nf6 6. e3 Bf5 7. Qb3 Na5 8. Bb5+ Bd7 9. Qa4 Nc6 10. Qd1 a6 11. Bd3 Bg4 12. Nge2 e6 13. O-O Bxe2 14. Qxe2 Bd6 15. Bg5 h6 16. Bh4 O-O 17. Rfc1 Rc8 18. a3 Na5 19. Bc2 Nc4 20. Bd3 g5 21. Bg3 Bxg3 22. hxg3 b5 23. b3 Na5 24. Qb2 Qe7 25. Na2 Qb7 26. Rc5 Nd7 27. Rcc1 Rxc1+ 28. Rxc1 Rc8 29. Rxc8+ Qxc8 30. Nb4 Nb6 31. g4 Nc6 32. Nc2 Kg7 33. Qc3 Ne7 34. Qa5 Qc6 35. g3 Nd7 36. Kg2 Qb6 37. Qc3 Qc6 38. Qd2 Qb6 39. f3 Nc6 40. Qc3 a5 41. b4 axb4 42. axb4 Ndb8 43. e4 Na6 44. exd5 exd5 45. Ne3 Nc7 46. Nf5+ Kf6 47. Qe1 Ne6 48. Qe3 1-0

[Event "December 19 Early 2023"]
[Site "https://www.chess.com"]
[Date "2023.12.19"]
[Round "5"]
[White "Piddubna, Bozhena"]
[Black "Horak, Martin"]
[Result "0-1"]
[Board "143"]
[TimeControl "180+1"]
[WhiteFideId "34109293"]
[BlackFideId "367095"]
[WhiteElo "1874"]
[BlackElo "2091"]
[WhiteTeam "UKR"]
[BlackTeam "CZE"]
[WhiteClock "0:00:06"]
[BlackClock "0:00:08"]

1. d4 Nf6 2. Nf3 e6 3. c4 b6 4. g3 Bb7 5. Bg2 Be7 6. O-O O-O 7. Nc3 Ne4 8. Bd2 Nxc3 9. Bxc3 f5 10. d5 Bf6 11. Rc1 Bxc3 12. Rxc3 Qe7 13. Qd4 d6 14. dxe6 Nc6 15. Qe3 Rae8 16. Nh4 Kh8 17. Bd5 Nd8 18. Bxb7 Nxb7 19. Ng2 Qxe6 20. Qf3 Qe4 21. Qxe4 Rxe4 22. Nf4 a5 23. e3 Rf7 24. Rd1 Nc5 25. a3 a4 26. Nd5 g5 27. Nb4 Kg7 28. Nd3 Nxd3 29. Rdxd3 f4 30. exf4 gxf4 31. Kg2 fxg3 32. hxg3 Re2 33. Rf3 Rxb2 34. Rxf7+ Kxf7 35. Rf3+ Kg7 36. Rf4 Rb3 37. Rf3 Kg6 38. g4 h5 39. gxh5+ Kxh5 40. Kg3 Kg5 41. Kg2 Kg4 42. Rg3+ Rxg3+ 43. fxg3 c6 44. Kf2 b5 45. cxb5 cxb5 46. Ke3 Kxg3 47. Kd4 Kf3 48. Kd5 b4 49. axb4 a3 50. b5 a2 51. b6 a1=Q 52. b7 Qe5+ 53. Kc6 Qc5+ 54. Kd7 Qb5+ 55. Kc8 d5 56. b8=Q Qxb8+ 57. Kxb8 d4 58. Kc7 d3 0-1

[Event "December 19 Early 2023"]
[Site "https://www.chess.com"]
[Date "2023.12.19"]
[Round "5"]
[White "Santos Flores, Alberto"]
[Black "Sailer, Mike"]
[Result "1-0"]
[Board "144"]
[TimeControl "180+1"]
[WhiteFideId "3601234"]
[BlackFideId "2012901"]
[WhiteElo "2229"]
[BlackElo "2109"]
[WhiteTeam "ECU"]
[BlackTeam "USA"]
[WhiteClock "0:00:43"]
[BlackClock "0:00:16"]

1. e4 d5 2. exd5 Qxd5 3. Nf3 Bg4 4. Be2 Nc6 5. d4 O-O-O 6. Be3 Nf6 7. Nbd2 e5 8. c4 Qa5 9. d5 Bxf3 10. Bxf3 Nd4 11. Bxd4 exd4 12. O-O Bd6 13. Nb3 Qb4 14. Qxd4 Rhe8 15. Qxa7 Kd7 16. c5 Bf4 17. c6+ bxc6 18. dxc6+ Ke7 19. g3 Bd6 20. Qd4 Qb5 21. Qh4 Kf8 22. Kg2 Kg8 23. Rfe1 Rxe1 24. Rxe1 Be5 25. Qg5 Re8 26. Nd4 Qxb2 27. Rxe5 Qxd4 28. Rxe8+ Nxe8 29. Qd5 Qf6 30. a4 Qe5 31. Qxe5 1-0

[Event "December 19 Early 2023"]
[Site "https://www.chess.com"]
[Date "2023.12.19"]
[Round "5"]
[White "Goltseva, Ekaterina"]
[Black "Zepeda Berlanga, Jan Enrique"]
[Result "1-0"]
[Board "145"]
[TimeControl "180+1"]
[WhiteFideId "24173770"]
[BlackFideId "5132355"]
[WhiteElo "2139"]
[BlackElo "1680"]
[WhiteTeam "RUS"]
[BlackTeam "MEX"]
[WhiteClock "0:00:29"]
[BlackClock "0:00:06"]

1. e4 c5 2. Nf3 d6 3. Bb5+ Bd7 4. Bxd7+ Qxd7 5. O-O g6 6. d4 cxd4 7. Nxd4 Bg7 8. c4 Nc6 9. Be3 Nf6 10. Nc3 Ng4 11. Nc2 Bxc3 12. bxc3 O-O 13. Bg5 h6 14. Bf4 g5 15. Bc1 Nge5 16. Ne3 Qe6 17. Nd5 Rac8 18. f4 Nxc4 19. fxg5 Qxe4 20. gxh6 Kh8 21. Rf4 Qg6 22. Rxc4 Rg8 23. Nf4 Qxh6 24. Ng6+ Qxg6 25. Rh4+ Kg7 26. Rg4 Kf8 27. Rxg6 Rxg6 28. Bf4 Ne5 29. Bxe5 dxe5 30. Qf3 Rc7 31. Rd1 Rf6 32. Rd8+ Kg7 33. Qg3+ Rg6 34. Qxe5+ 1-0

[Event "December 19 Early 2023"]
[Site "https://www.chess.com"]
[Date "2023.12.19"]
[Round "5"]
[White "Santos, Isaque Goncalves"]
[Black "Devaev, Alexander"]
[Result "0-1"]
[Board "146"]
[TimeControl "180+1"]
[WhiteFideId "2103885"]
[BlackFideId "4169395"]
[WhiteElo "1901"]
[BlackElo "2172"]
[WhiteTeam "BRA"]
[BlackTeam "RUS"]
[WhiteClock "0:00:00"]
[BlackClock "0:00:34"]

1. d4 Nf6 2. c4 e6 3. Nc3 Bb4 4. e3 c5 5. a3 Bxc3+ 6. bxc3 Nc6 7. Nf3 d6 8. Bd3 e5 9. Bc2 O-O 10. d5 Na5 11. Qe2 b6 12. O-O Ba6 13. Nd2 Ne8 14. f4 exf4 15. Rxf4 Nf6 16. Qd3 g6 17. Qf1 Nd7 18. Rb1 Ne5 19. Ba4 Qe7 20. Bb5 Bc8 21. Nf3 Rb8 22. Nxe5 Qxe5 23. Qd3 f5 24. Bd2 Rb7 25. e4 Rbf7 26. exf5 Bxf5 27. Qg3 Bxb1 28. Rxf7 Rxf7 29. Qxe5 dxe5 30. d6 Bf5 31. h3 Bd7 32. g4 Bxb5 33. cxb5 Nc4 34. Be1 Nxd6 0-1

[Event "December 19 Early 2023"]
[Site "https://www.chess.com"]
[Date "2023.12.19"]
[Round "5"]
[White "Wanyama, Harold"]
[Black "Zavgorodniy, Sergiy"]
[Result "1-0"]
[Board "147"]
[TimeControl "180+1"]
[WhiteFideId "10000380"]
[BlackFideId "14110148"]
[WhiteElo "2228"]
[BlackElo "2402"]
[WhiteTeam "UGA"]
[BlackTeam "UKR"]
[WhiteClock "0:01:44"]
[BlackClock "0:00:36"]

1. d4 Nf6 2. c4 g6 3. g3 Bg7 4. Bg2 c5 5. d5 O-O 6. Nc3 d6 7. Nf3 a6 8. O-O b5 9. cxb5 axb5 10. Nxb5 Ba6 11. Nc3 Nbd7 12. Rb1 Ng4 13. h3 Nge5 14. Nd2 Nc4 15. Qc2 Qa5 16. Nxc4 Bxc4 17. Bd2 Bxc3 18. Bxc3 Qxa2 19. Qd2 Nf6 20. e4 Bxf1 21. Rxf1 Qc4 22. Re1 Ra2 23. e5 dxe5 24. Rxe5 Rd8 25. Kh2 e6 26. Qg5 1-0

[Event "December 19 Early 2023"]
[Site "https://www.chess.com"]
[Date "2023.12.19"]
[Round "5"]
[White "Kim, Sergey"]
[Black "Garrido, Denis"]
[Result "1-0"]
[Board "149"]
[TimeControl "180+1"]
[WhiteFideId "13700570"]
[BlackFideId "601217"]
[WhiteElo "2594"]
[BlackElo "2405"]
[WhiteTeam "KAZ"]
[BlackTeam "FRA"]
[WhiteClock "0:00:51"]
[BlackClock "0:01:27"]

1. d4 Nf6 2. c4 g6 3. Nc3 Bg7 4. e4 d6 5. Nge2 O-O 6. Ng3 e5 7. d5 h5 8. Be2 a5 9. O-O Na6 10. Bg5 Qe8 11. Qd2 Nh7 12. Be3 h4 13. Nh1 f5 14. exf5 gxf5 15. f4 e4 16. Nf2 b6 17. Nb5 Bd7 18. Nd4 Nc5 19. Kh1 Qg6 20. Rg1 Kh8 21. g4 hxg3 22. Rxg3 Qf7 23. Rag1 Rg8 24. Nh3 a4 25. Ng5 Nxg5 26. Rxg5 Bh6 27. Bh5 Qh7 28. Bg6 Qg7 29. Rh5 Nd3 30. Bxf5 Qf6 31. Bxd7 Rxg1+ 32. Bxg1 Rg8 33. Nf5 1-0

[Event "December 19 Early 2023"]
[Site "https://www.chess.com"]
[Date "2023.12.19"]
[Round "5"]
[White "Tay, Junior"]
[Black "Hajiyev, Kanan"]
[Result "0-1"]
[Board "150"]
[TimeControl "180+1"]
[WhiteFideId "5800439"]
[BlackFideId "13404148"]
[WhiteElo "2216"]
[BlackElo "2102"]
[WhiteTeam "SGP"]
[BlackTeam "AZE"]
[WhiteClock "0:00:16"]
[BlackClock "0:00:13"]

1. e4 c6 2. Nf3 d5 3. exd5 cxd5 4. Ne5 Nc6 5. d4 a6 6. c3 Bf5 7. Be2 Nxe5 8. dxe5 e6 9. O-O Qc7 10. Bf4 Ne7 11. Bg3 h5 12. h4 Ng6 13. Na3 Nxe5 14. Qa4+ Qd7 15. Bb5 Nc6 16. c4 d4 17. c5 Be7 18. Nc4 O-O 19. Nb6 axb5 20. Qxa8 Rxa8 21. Nxd7 d3 22. Rfd1 f6 23. a4 Rxa4 24. Rxa4 bxa4 25. Nb6 Bxc5 26. Nxa4 Bd4 27. Nc3 e5 28. Kf1 Nb4 29. Ke1 g5 30. Kd2 Nc2 31. Rh1 g4 32. Rd1 Kf7 33. Rb1 Ke6 34. b4 Bg6 35. b5 Kd6 36. b6 Kc6 37. Rb2 Bxb6 38. Rxb6+ Kxb6 39. Nd5+ Kc5 40. Nxf6 b5 41. Bxe5 b4 42. Bb2 Na3 43. Nd7+ Kc4 44. Ne5+ Kb3 45. Bd4 Nc4+ 46. Kd1 Nxe5 47. Bxe5 Ka2 48. Kd2 b3 49. f3 b2 50. Bxb2 Kxb2 51. fxg4 hxg4 52. h5 Bxh5 53. Kxd3 Bg6+ 54. Ke3 Bf5 55. Kf4 Bc8 56. Ke5 Kc3 57. Kf4 Kd2 58. Kg3 Ke2 59. Kh2 Kf2 60. Kh1 Kg3 61. Kg1 Bb7 62. Kf1 Bxg2+ 63. Kg1 Bf3 64. Kf1 Kh2 65. Kf2 Bc6 66. Kf1 g3 0-1

[Event "December 19 Early 2023"]
[Site "https://www.chess.com"]
[Date "2023.12.19"]
[Round "5"]
[White "Khromkin, Andrey"]
[Black "Andreev, Konstantin"]
[Result "0-1"]
[Board "151"]
[TimeControl "180+1"]
[WhiteFideId "4154126"]
[BlackFideId "24239305"]
[WhiteElo "2394"]
[BlackElo "2093"]
[WhiteTeam "RUS"]
[BlackTeam "ITA"]
[WhiteClock "0:01:05"]
[BlackClock "0:01:25"]

1. d4 Nf6 2. c4 e6 3. Nf3 d5 4. Nc3 dxc4 5. Bg5 a6 6. e3 b5 7. a4 b4 8. Ne4 Be7 9. Bxc4 Nxe4 10. Bxe7 Qxe7 11. Ne5 Bb7 12. Bd3 O-O 13. g4 Nc3 14. bxc3 Bxh1 15. Qc2 Qh4 16. O-O-O Bb7 17. f4 f6 18. Nc4 bxc3 19. Na5 Bf3 20. Rf1 Bxg4 21. Be4 Bf5 22. Bxf5 exf5 23. Qb3+ Kh8 24. Qd5 c6 25. Qd6 Nd7 26. Qxd7 Qxh2 27. Nc4 Qa2 0-1

[Event "December 19 Early 2023"]
[Site "https://www.chess.com"]
[Date "2023.12.19"]
[Round "5"]
[White "Kolmagorov, Alexey"]
[Black "Tao, Sihan"]
[Result "1/2-1/2"]
[Board "152"]
[TimeControl "180+1"]
[WhiteFideId "34129402"]
[BlackFideId "30982677"]
[WhiteElo "1989"]
[BlackElo "1943"]
[WhiteTeam "RUS"]
[BlackTeam "USA"]
[WhiteClock "0:00:19"]
[BlackClock "0:00:38"]

1. d4 Nf6 2. c4 e6 3. g3 d5 4. Bg2 Bb4+ 5. Bd2 a5 6. Nf3 O-O 7. Qc2 c6 8. O-O Be7 9. Bf4 h6 10. h4 Bd6 11. Bxd6 Qxd6 12. Nbd2 b6 13. e4 dxe4 14. Nxe4 Nxe4 15. Qxe4 Bb7 16. Ne5 Nd7 17. Rfd1 Nxe5 18. dxe5 Qe7 19. Rd6 Rad8 20. Rad1 Ba8 21. c5 bxc5 22. Qc4 Rb8 23. Rd7 Qe8 24. Qxc5 Rxb2 25. Qxa5 Rb5 26. Qc7 Rb7 27. Qd6 Rxd7 28. Qxd7 Qxd7 29. Rxd7 Rb8 30. Rc7 g6 31. a4 c5 32. Rxc5 Bxg2 33. Kxg2 Rb4 34. Ra5 h5 35. Ra7 Kf8 36. a5 Rb5 37. f4 Rd5 38. a6 Ra5 39. Ra8+ Kg7 40. Kf3 Ra3+ 41. Ke4 Rxg3 42. Kd4 Rg4 43. Ke4 Rg3 44. Kd4 Rg4 45. Ke4 Rg3 1/2-1/2

[Event "December 19 Early 2023"]
[Site "https://www.chess.com"]
[Date "2023.12.19"]
[Round "5"]
[White "Joel Paul Ganta"]
[Black "Baches Garcia, Guillermo"]
[Result "0-1"]
[Board "153"]
[TimeControl "180+1"]
[WhiteFideId "35066145"]
[BlackFideId "2209764"]
[WhiteElo "1891"]
[BlackElo "2501"]
[WhiteTeam "IND"]
[BlackTeam "ESP"]
[WhiteClock "0:00:00"]
[BlackClock "0:00:41"]

1. e4 c5 2. Nf3 d6 3. d4 cxd4 4. Nxd4 Nf6 5. Nc3 Nc6 6. Bg5 e6 7. Qd2 h6 8. Bxf6 gxf6 9. Ndb5 a6 10. Nd4 Qb6 11. Nb3 Bd7 12. O-O-O O-O-O 13. Kb1 h5 14. f4 Kb8 15. g3 h4 16. Bg2 Be7 17. g4 h3 18. Bf3 Rc8 19. Na4 Qb4 20. Nac5 dxc5 21. Qxb4 cxb4 22. Rxd7 Rhd8 23. Rhd1 Rxd7 24. Rxd7 Rd8 25. Rxd8+ Nxd8 26. Nd4 Nc6 27. Ne2 Bc5 28. Kc1 Nd4 29. Nxd4 Bxd4 30. f5 Be5 31. Be2 Bxh2 32. Bf1 Bf4+ 33. Kd1 h2 34. Bg2 Kc7 35. c3 bxc3 36. bxc3 Be5 37. Kc2 Kc6 38. Kd3 Kc5 39. Bf3 b5 40. Bg2 a5 41. Bf3 b4 42. cxb4+ Kxb4 43. Kc2 Kc4 44. Bh1 Bf4 45. Bg2 Kd4 46. Kb3 Ke3 47. Ka4 Bc7 48. Kb5 Kf2 49. Bh1 Kg1 50. Bf3 h1=Q 51. Bxh1 Kxh1 52. Kc6 Bf4 53. Kd7 exf5 54. gxf5 Kg2 55. Ke7 Kf3 56. Kxf7 Be5 57. Ke6 Kxe4 58. Kd7 Kxf5 59. Kc6 Ke4 60. Kb5 Bc3 61. Kc4 Bd2 62. Kb3 Be1 0-1

[Event "December 19 Early 2023"]
[Site "https://www.chess.com"]
[Date "2023.12.19"]
[Round "5"]
[White "Tarasova, Viktoriya"]
[Black "Cervantes Landeiro, Thalia"]
[Result "0-1"]
[Board "154"]
[TimeControl "180+1"]
[WhiteFideId "4175840"]
[BlackFideId "3520498"]
[WhiteElo "2182"]
[BlackElo "2189"]
[WhiteTeam "RUS"]
[BlackTeam "USA"]
[WhiteClock "0:00:00"]
[BlackClock "0:00:44"]

1. d4 Nf6 2. c4 g6 3. Nc3 d5 4. g3 Bg7 5. cxd5 Nxd5 6. Bg2 Nxc3 7. bxc3 O-O 8. e3 c5 9. Ne2 Nc6 10. O-O cxd4 11. cxd4 Be6 12. Rb1 Na5 13. d5 Bf5 14. e4 Bg4 15. f3 Bd7 16. Be3 Nc4 17. Bd4 b5 18. Bxg7 Kxg7 19. Qd4+ Kg8 20. Kh1 Qb6 21. Qd3 Ne3 22. Rfc1 Nxg2 23. Kxg2 Rfc8 24. Nd4 Qa5 25. a3 Qa4 26. e5 Rc4 27. Rxc4 bxc4 28. Qc3 Qa6 29. e6 fxe6 30. dxe6 Bxe6 31. Re1 Bf7 32. Rxe7 Qd6 33. Re4 Rb8 34. h4 Qb6 35. Re2 Rd8 36. Re4 h5 37. Rf4 Rb8 38. Kh3 Qb1 0-1